 Dungeon Crawl Stone Soup version 0.27.1 (webtiles) character file.

Game seed: 2716773729856778047

4 MajorAdolf the Sneak (level 1, -1/15 HPs)
             Began as a Naga Wanderer on Aug 22, 2021.
             Slain by a hobgoblin (2 damage)
             ... on level 1 of the Dungeon.
             The game lasted 00:00:12 (42 turns).

MajorAdolf the Sneak (Naga Wanderer)                  Turns: 42, Time: 00:00:13

Health: -1/15      AC:  1    Str: 12    XL:     1   Next: 60%
Magic:  2/2        EV:  9    Int: 11    God:
Gold:   0          SH:  0    Dex: 13    Spells: 2/2 levels left

rFire    . . .     SeeInvis +   a - +2 spear
rCold    . . .     Faith    .   (no shield)
rNeg     . . .     Spirit   .   c - +0 robe
rPois    +         Reflect  .   (no helmet)
rElec    .         Harm     .   (no cloak)
rCorr    .         Rampage  .   (no gloves)
Will     .....                  (no barding)
Stlth    ++........             (no amulet)
HPRegen  0.05/turn              (no ring)
MPRegen  0.08/turn              (no ring)

@: short of breath, very slow
A: AC +0, large, see invisible, deformed body, poison resistance, slowness 2,
spit poison 1, naga tail 1
a: Spit Poison


You were on level 1 of the Dungeon.
You visited 1 branch of the dungeon, and saw 1 of its levels.

Inventory:

Hand Weapons
 a - a +2 spear (weapon)
 d - a +0 dagger
Armour
 c - a +0 robe (worn)
Scrolls
 e - a scroll of identify {unknown}
Potions
 b - 2 potions of lignification
 f - a potion of curing {unknown}


   Skills:
 + Level 2.4 Polearms
 - Level 1.0 Throwing
 - Level 3.0 Stealth
 - Level 1.0 Spellcasting
 - Level 2.0 Hexes
 - Level 2.0 Necromancy


You had 2 spell levels left.
You didn't know any spells.
Your spell library was empty.

Dungeon Overview and Level Annotations

Branches:
Dungeon (1/15)

Altars:


Innate Abilities, Weirdness & Mutations

Your serpentine skin is tough. (AC +0)
You have supernaturally acute eyesight. (SInv)
Armour fits poorly on your strangely shaped body.
Your system is resistant to poisons. (rPois)
You cover ground very slowly.
You can spit poison.
You have a snake-like lower body.


Message History

There are monsters nearby!
You hit the bat.
The bat is severely wounded.
The bat hits you. The bat barely misses you.
You hit the bat.
You kill the bat!
The endoplasm hits you.
You puncture the endoplasm!
You kill the endoplasm!
An endoplasm and a goblin come into view.
The goblin is wielding a +2 dagger of draining.
The goblin shouts!
The endoplasm quivers.
A frilled lizard comes into view.
A hobgoblin comes into view.
The dart slug launches a dart at you. The slug dart hits you.
There are monsters nearby!
You hit the goblin.
The goblin is moderately wounded.
The goblin hits you with a +2 dagger of draining.
* * * LOW HITPOINT WARNING * * *
You feel drained.
You are too injured to fight recklessly!
You are too injured to fight recklessly!
Press: ? - help, Shift-Dir - straight line, f - goblin
Aim: a goblin, wielding a +2 dagger of draining (moderately wounded)
The splash of poison hits the goblin!
The goblin is poisoned.
You kill the goblin!
Your life force feels restored.
Unknown command.
The endoplasm freezes you.
You are frozen.
* * * LOW HITPOINT WARNING * * *
The dart slug launches a dart at you. The slug dart misses you.
The hobgoblin hits you but does no damage.
The frilled lizard unfolds its giant frill.
The hobgoblin hits you.
You die...

.. #.. # #.# #.. ..# #. #.#
... .. #.# ##.## #..# #.
#.###.#.###.#.. .# #
#.#.#.#.#.##.#####.# .#
##.#.<.#.# #.##....#..#
##.#.#.#.#.##..@Jl.....###
##.###.#.###.#...g..)......
#.## ##.## ##...........)..
#.# ##.#.###........w.#..##
#.###.###.##...###..$......
#.##'#####.#.### #.........
#.......##...# #.........
##......####.# ######+#..
#......# #.# ..


You could see a dart slug, an endoplasm, a hobgoblin and a frilled lizard.

Vanquished Creatures
  A bat (D:1)
  An endoplasm (D:1)
  A goblin (D:1)
3 creatures vanquished.

Notes
Turn   | Place    | Note
-------+----------+-------------------------------------------
     0 | D:1      | MajorAdolf the Naga Wanderer began the quest for the Orb.
     0 | D:1      | MajorAdolf set off with the following items: a +2 spear, 2
                  | potions of lignification, a +0 robe, a +0 dagger
     0 | D:1      | Reached XP level 1. HP: 15/15 MP: 2/2
    42 | D:1      | Slain by a hobgoblin

Illustrated notes

Levels and vault maps discovered:
D:1:      minmay_arrival_diagonal_passages, layout_basic, serial_shops, shop,
          shapermc_ecumenical_altar_mp_highgroup

Action                   || total
-------------------------++-------
Melee: Spear             ||     4
 Abil: Spit Poison       ||     1
Armor: Robe              ||     1
Dodge: Dodged            ||     2
